 Dungeon Crawl Stone Soup version 0.27.1-33-g824d729ab1 (webtiles) character file.

Game seed: 11377758313892511147

206 CapHo the Skirmisher (level 5, -3/55 HPs)
             Began as a Troll Monk on Dec 27, 2021.
             Slain by a worm (9 damage)
             ... on level 3 of the Dungeon.
             The game lasted 00:05:08 (1999 turns).

CapHo the Skirmisher (Troll Monk)                   Turns: 1999, Time: 00:05:08

Health: -3/55      AC:  4    Str: 20    XL:     5   Next: 53%
Magic:  4/4        EV: 10    Int:  6    God:
Gold:   92         SH:  0    Dex: 12    Spells: 4/4 levels left

rFire    . . .     SeeInvis .     - Unarmed
rCold    . . .     Faith    .   (no shield)
rNeg     . . .     Spirit   .   a - +0 robe
rPois    .         Reflect  .   (helmet restricted)
rElec    .         Harm     .   (no cloak)
rCorr    .         Rampage  .   (gloves unavailable)
Will     .....                  (boots unavailable)
Stlth    ++........             e - amulet of magic regeneration
HPRegen  1.18/turn              (no ring)
MPRegen  0.34/turn              (no ring)

@: no status effects
A: large, unfitting armour, claws 3, regeneration 1, shaggy fur 1, tough skin 1
a: no special abilities


You were on level 3 of the Dungeon.
You visited 1 branch of the dungeon, and saw 3 of its levels.

You collected 92 gold pieces.

Inventory:

Armour
 a - a +0 robe (worn)
Jewellery
 e - an amulet of magic regeneration (around neck)
 k - an amulet of faith
Scrolls
 g - 3 scrolls of identify {unknown}
 h - a scroll of summoning {unknown}
 j - a scroll of enchant armour {unknown}
Potions
 b - a potion of brilliance {unknown}
 c - a potion of berserk rage {unknown}
 d - 3 potions of might {unknown}
 f - a potion of attraction {unknown}
 i - 2 potions of haste {unknown}


   Skills:
 * Level 4.5 Fighting
 - Level 2.4 Dodging
 + Level 2.1 Stealth
 - Level 3.0 Unarmed Combat


You had 4 spell levels left.
You didn't know any spells.
Your spell library contained the following spells:

 Spells                   Type           Power      Damage    Failure   Level
 Airstrike                Air            0%         N/A       99%         4
 Summon Lightning Spire   Summ/Air       0%         N/A       99%         4
 Lightning Bolt           Conj/Air       0%         1d11      100%        5


Dungeon Overview and Level Annotations

Branches:
Dungeon (3/15)

Altars:
Elyvilon
Yredelemnul
The Shining One


Innate Abilities, Weirdness & Mutations

You are too large for most types of armour.
You have claws for hands.
Your natural rate of healing is unusually fast.
You are covered in fur. (AC +1)
You have tough skin. (AC +1)


Message History

You are too injured to fight recklessly!
You are too injured to fight recklessly!
You are too injured to fight recklessly!
The orc closely misses you.
You hear the brisk rusting of a drain nearby.
You claw the orc!
You kill the orc!
The orc closely misses you.
You barely miss the orc. The orc hits you but does no damage.
The orc hits you with a +4 hand axe.
You scratch the orc. Your claw misses the orc.
The orc is moderately wounded.
The orc barely misses you. The orc hits you with a +4 hand axe.
You scratch the orc but do no damage.
The orc is moderately wounded.
The orc closely misses you. The orc misses you.
You barely miss the orc.
The orc is moderately wounded.
The orc hits you with a +0 falchion. The orc hits you with a +4 hand axe!
* * * LOW HITPOINT WARNING * * *
You claw the orc!
You kill the orc!
The orc hits you with a +0 falchion.
* * * LOW HITPOINT WARNING * * *
You scratch the orc.
The orc is heavily wounded.
The orc hits you with a +0 falchion.
* * * LOW HITPOINT WARNING * * *
You barely miss the orc.
The orc is heavily wounded.
The orc hits you with a +0 falchion.
* * * LOW HITPOINT WARNING * * *
You claw the orc!
You kill the orc!
You claw the worm!
The worm is almost dead.
You scratch the worm but do no damage.
The worm is almost dead.
The worm bites you!
You die...

# #### #.## 8 #.># ##
##.## #..# ##.# #.##
###.##..###
...........###
########.#.@w###.#...
#..##).)....#
#..##<)#.#### ##### #
##.#......# †...#
##.. ....#.##..#
###.##....# #..#..#
..# ##....# ##....#
..# #.....# #. ..# ..
##.###...>. . ##.#


You could see a worm.

Vanquished Creatures
  A scorpion (D:3)
  An orc wizard (D:3)
  5 adders
  2 worms (D:2)
  A dart slug (D:1)
  4 orcs (D:3)
  4 ball pythons
  3 bats
  4 endoplasms
  2 giant cockroaches (D:1)
  10 goblins
  8 hobgoblins
  5 jackals
  A quokka (D:1)
  5 frilled lizards
  7 kobolds
  8 rats
  A spectral goblin (D:1)
72 creatures vanquished.

Notes
Turn   | Place    | Note
-------+----------+-------------------------------------------
     0 | D:1      | CapHo the Troll Monk began the quest for the Orb.
     0 | D:1      | Reached XP level 1. HP: 22/22 MP: 0/0
   167 | D:1      | Reached XP level 2. HP: 29/29 MP: 1/1
   296 | D:1      | Found a faded altar of an unknown god.
   381 | D:1      | Reached skill level 3 in Fighting
   897 | D:2      | Reached XP level 3. HP: 37/37 MP: 2/2
   922 | D:2      | Found a basalt altar of Yredelemnul.
  1450 | D:2      | Reached XP level 4. HP: 43/48 MP: 3/3
  1643 | D:3      | Noticed a scorpion
  1651 | D:3      | Killed a scorpion
  1652 | D:3      | Reached skill level 4 in Fighting
  1719 | D:3      | Reached XP level 5. HP: 51/54 MP: 4/4
  1894 | D:3      | Found a glowing golden altar of the Shining One.
  1894 | D:3      | Found a white marble altar of Elyvilon.
  1999 | D:3      | Slain by a worm

Illustrated notes

Levels and vault maps discovered:
D:1:      dpeg_arrival_leaves_temple_mockup, layout_basic,
          dreamdust_ecumenical_altar_drowned_temple, minmay_hedge_maze
D:2:      layout_basic, basic_altar
D:3:      layout_rooms, chequers_temple_overflow_statue_of_worship,
          serial_corexii_hall, corexii_hall_statues_u, corexii_hall_statues_x,
          gup_sewer_entry_bubbles, minmay_goblin_kobold_house

Skill      XL: |  1  2  3  4  5 |
---------------+----------------+-----
Fighting       | 3 4 |  4.5
Stealth        | 2 |  2.1
Dodging        | |  2.4
Unarmed Combat | |  3.0

Action                   |  1- 3 |  4- 6 || total
-------------------------+-------+-------++-------
Melee: Unarmed           |   135 |    73 ||   208
 Stab: Sleeping          |     2 |       ||     2
Armor: Robe              |    39 |    21 ||    60
Dodge: Dodged            |    47 |    34 ||    81
